Senateurs vs Canadiens

Created - 30 janvier 2016 at 08:29

Goals
1 2 3 T
Senateurs 1 3 0 4
Canadiens 1 0 0 1
Shots
1 2 3 T
Senateurs 8 20 7 35
Canadiens 8 11 12 31

1st period

1. Senateurs , Andy McDonald 9 (Jean-Pierre Dumont, Andrew Ebbett) at 6:25
2. Canadiens , Greg Stewart 2 (Dustin Boyd, Matt Carle) at 19:18

Penalties :
Sergei Samsonov (Mon) for Boarding (Minor) at 0:34, Dan Boyle (Mon) for Hooking (Minor) at 7:54, Brenden Morrow (Ott) for Holding (Minor) at 8:00

2nd period

3. Senateurs , Olli Jokinen 6 (Darcy Hordichuk) at 0:52
4. Senateurs , Vitaly Vishnevsky 3 (Brenden Morrow, Daymond Langkow) at 3:04 (PP)
5. Senateurs , Ales Kotalik 4 (Brandon Dubinsky) at 15:23

Penalties :
Brooks Laich (Mon) for Diving (Minor) at 2:55, Marc Savard (Mon) for Hooking (Minor) at 4:09, Dan Hamhuis (Ott) for Roughing (Minor) at 18:04

3rd period

No Goal

Penalties :
Marc Savard (Mon) for High sticking (Minor) at 7:37, Marek Svatos (Mon) for Hooking (Minor) at 14:30

Goalie Stats

Ondrej Pavelec (Ott), 30 saves from 31 shots - (0,968), W, 22-9-4, 60:00 minutes
Miika Kiprusoff (Mon), 31 saves from 35 shots - (0,886), L, 12-2-1, 60:00 minutes

Players Stats for Senateurs

Player Name              G  A  P  +/- PIM S  H  SB GA TA FO     MP     PP MP  PK MP  
------------------------------------------------------------------------------------
Ales Kotalik             1  0  1   1  0   3  0  0  0  0  1/1     8:45   0:00   0:00 
Andrew Ebbett            0  1  1   0  0   1  2  0  0  0  6/13   16:28   3:27   0:00 
Andy Hilbert             0  0  0   1  0   0  0  0  1  0  0/0     9:32   0:00   0:27 
Andy McDonald            1  0  1   0  0   5  0  1  1  0  2/3    15:14   0:31   0:24 
B.J. Crombeen            0  0  0   1  0   1  1  0  0  0  0/0    10:19   0:11   0:00 
Brandon Dubinsky         0  1  1   1  0   2  1  0  0  0  1/1     8:45   0:00   0:00 
Brenden Morrow           0  1  1   0  2   3  3  1  1  0  2/4    22:09   4:29   1:17 
Carlo Colaiacovo         0  0  0   2  0   1  0  1  0  0  0/0    20:05   3:42   1:03 
Dan Girardi              0  0  0   1  0   0  0  3  0  0  0/0    12:37   0:00   1:03 
Dan Hamhuis              0  0  0   2  2   3  0  0  2  0  0/0    19:13   3:42   0:00 
Darcy Hordichuk          0  1  1   1  0   3  1  0  0  0  0/0    15:45   3:27   1:20 
Daymond Langkow          0  1  1   0  0   4  3  3  1  0  17/33  21:18   4:27   0:21 
Jean-Pierre Dumont       0  1  1   0  0   0  1  1  1  0  1/3    16:28   3:27   0:00 
Kurtis Foster            0  0  0  -1  0   1  1  0  0  0  0/0    28:21   4:29   1:02 
Olli Jokinen             1  0  1   1  0   2  2  0  0  0  6/6     9:42   0:00   0:00 
Todd Bertuzzi            0  0  0   0  0   2  1  1  0  0  1/2    21:24   4:33   0:21 
Vitaly Vishnevsky        1  0  1  -1  0   4  2  1  1  1  0/0    28:21   4:29   1:02 
Vladimir Mihalik         0  0  0   1  0   0  2  0  0  0  0/0    11:34   0:00   0:00 

Players Stats for Canadiens

Player Name              G  A  P  +/- PIM S  H  SB GA TA FO     MP     PP MP  PK MP  
------------------------------------------------------------------------------------
Brooks Laich             0  0  0   0  2   2  2  0  0  0  11/13  17:58   0:30   4:15 
Cam Janssen              0  0  0  -1  0   0  1  0  0  0  0/0     7:10   0:00   0:00 
Dan Boyle                0  0  0  -2  2   1  0  1  0  2  0/0    22:21   1:20   0:00 
Devin Setoguchi          0  0  0   0  0   1  0  1  0  0  0/0    12:27   0:00   0:00 
Dustin Boyd              0  1  1   0  0   4  1  0  0  0  3/10   11:55   1:11   0:14 
Greg Stewart             1  0  1   0  0   5  1  0  0  0  0/0    11:49   0:00   1:43 
Jiri Fischer             0  0  0  -1  0   0  3  0  0  1  0/0    17:30   0:00   2:55 
Josh Gorges              0  0  0  -2  0   3  0  0  0  2  0/0    25:34   0:39   5:16 
Ladislav Smid            0  0  0   1  0   1  5  0  0  0  0/0    18:53   0:06   5:16 
Marc Savard              0  0  0  -1  4   0  2  0  0  0  13/38  19:24   0:54   0:00 
Marek Svatos             0  0  0  -1  2   8  3  0  0  0  0/0    18:46   1:03   0:00 
Matt Carle               0  1  1   1  0   0  2  0  0  0  0/0    15:01   0:00   2:55 
Maxim Talbot             0  0  0  -1  0   2  0  0  0  0  0/1    10:07   0:00   2:21 
Michael Del Zotto        0  0  0  -1  0   1  1  0  1  0  0/0    19:25   1:26   0:00 
Patrick Sharp            0  0  0  -1  0   1  4  0  0  1  1/2    21:39   0:54   2:01 
Rene Bourque             0  0  0   0  0   0  3  0  0  1  0/0    14:38   1:11   2:21 
Riley Cote               0  0  0  -1  0   0  0  0  0  0  0/0     7:26   0:00   0:00 
Sergei Samsonov          0  0  0   0  2   2  2  0  0  1  1/2    17:47   1:11   3:27 

3 Stars

1 - Ondrej Pavelec (Ott)
2 - Olli Jokinen (Ott)
3 - Ales Kotalik (Ott)

Power Play

Senateurs - 1 on 6 Attempt(s) - 16,67%
Canadiens - 0 on 2 Attempt(s) - 0,00%

Penalty Kill

Senateurs - 2 on 2 Attempt(s) - 100,00% - Score 0 goal in Penalty Kill
Canadiens - 5 on 6 Attempt(s) - 83,33% - Score 0 goal in Penalty Kill

Team Stat

Senateurs - Hits : 20 - Faceoff Wins : 37 - Blocked Shots : 12 - Penalty Minutes : 4
Canadiens - Hits : 30 - Faceoff Wins : 29 - Blocked Shots : 2 - Penalty Minutes : 12

Official

Referees : Furlatt Eric and Ciamaga Chris
Linesman : Steve Barton and Darren Gibbs

Game Notes

No Game Note

Finance

Level 1 -- Attendance: 6000 (100,00%) -- Ticket Income 516 000 $
Level 2 -- Attendance: 4668 (93,36%) -- Ticket Income 233 400 $
Level 3 -- Attendance: 2000 (100,00%) -- Ticket Income 62 000 $
Level 4 -- Attendance: 4000 (100,00%) -- Ticket Income 88 000 $
Luxury Box -- Attendance: 962 (96,20%) -- Ticket Income 158 730 $
Game was played at the Centre Bell.
Total Attendance: 17630 (97,94%)
Total Ticket Income: 1 058 130 $
Other Income: 158 720 $
Total Income: 1 216 850 $

Senateurs

5 vs 5 Forward 
   Center                   Left Wing                Right Wing               Time % Phy DF OF 
 1 Daymond Langkow          Brenden Morrow           Todd Bertuzzi            39     1   2  2  
 2 Andrew Ebbett            Andy McDonald            Jean-Pierre Dumont       29     1   2  2  
 3 Olli Jokinen             Darcy Hordichuk          B.J. Crombeen            20     1   2  2  
 4 Brandon Dubinsky         Andy Hilbert             Ales Kotalik             12     1   2  2  

5 vs 5 Defense 
   Defense                  Defense                                           Time % Phy DF OF 
 1 Vitaly Vishnevsky        Kurtis Foster                                     40     1   2  2  
 2 Dan Hamhuis              Carlo Colaiacovo                                  30     1   2  2  
 3 Vladimir Mihalik         Dan Girardi                                       20     1   2  2  
 4 Vitaly Vishnevsky        Kurtis Foster                                     10     1   2  2  

PowerPlay Forward 
   Center                   Left Wing                Right Wing               Time % Phy DF OF 
 1 Daymond Langkow          Brenden Morrow           Todd Bertuzzi            60     0   2  3  
 2 Andrew Ebbett            Darcy Hordichuk          Jean-Pierre Dumont       40     0   2  3  

PowerPlay Defense
   Defense                  Defense                                           Time % Phy DF OF 
 1 Vitaly Vishnevsky        Kurtis Foster                                     60     0   2  3  
 2 Dan Hamhuis              Carlo Colaiacovo                                  40     0   2  3  

Penalty Kill 4 Players Forward 
   Center                   Wing                     Time % Phy DF OF 
 1 Brenden Morrow           Darcy Hordichuk          60     0   3  2  
 2 Daymond Langkow          Todd Bertuzzi            40     0   3  2  

Penalty Kill 4 Players Defense
   Defense                  Defense                  Time % Phy DF OF 
 1 Vitaly Vishnevsky        Kurtis Foster            60     0   3  2  
 2 Dan Hamhuis              Carlo Colaiacovo         40     0   3  2  

Penalty Kill - 3 Players Forward 
   Forward                                           Time % Phy DF OF 
 1 Brenden Morrow                                    60     0   3  2  
 2 Darcy Hordichuk                                   40     0   3  2  

Penalty Kill - 3 Players Defense
   Defense                  Defense                  Time % Phy DF OF 
 1 Vitaly Vishnevsky        Kurtis Foster            60     0   3  2  
 2 Dan Hamhuis              Carlo Colaiacovo         40     0   3  2  

4 vs 4 Forward 
   Center                   Wing                     Time % Phy DF OF 
 1 Brenden Morrow           Darcy Hordichuk          60     1   2  2  
 2 Daymond Langkow          Todd Bertuzzi            40     1   2  2  

4 vs 4 Defense
   Defense                  Defense                  Time % Phy DF OF 
 1 Vitaly Vishnevsky        Kurtis Foster            60     1   2  2  
 2 Dan Hamhuis              Carlo Colaiacovo         40     1   2  2  

Last Minutes Offensive
   Center                   Left Wing                Right Wing               Defense                  Defense                  
   Daymond Langkow          Brenden Morrow           Todd Bertuzzi            Vitaly Vishnevsky        Kurtis Foster            

Last Minutes Defensive
   Center                   Left Wing                Right Wing               Defense                  Defense                  
   Daymond Langkow          Brenden Morrow           Todd Bertuzzi            Vitaly Vishnevsky        Kurtis Foster            

Goaltenders
Starting : Ondrej Pavelec           
Backup : Marty Turco              

Extra Forwards
Normal : Andy McDonald, B.J. Crombeen, Andy Hilbert - PP : Andy McDonald, B.J. Crombeen - PK : Andy Hilbert
Extra Defensemen
Normal : Vladimir Mihalik, Dan Girardi, Dan Hamhuis - PP : Vladimir Mihalik - PK : Dan Girardi, Dan Hamhuis
Penalty Shots
Brenden Morrow, Darcy Hordichuk, Daymond Langkow, Todd Bertuzzi, Andy McDonald

Canadiens

5 vs 5 Forward 
   Center                   Left Wing                Right Wing               Time % Phy DF OF 
 1 Marc Savard              Patrick Sharp            Marek Svatos             40     1   2  2  
 2 Brooks Laich             Sergei Samsonov          Devin Setoguchi          30     1   2  2  
 3 Dustin Boyd              Greg Stewart             Rene Bourque             20     1   2  2  
 4 Maxim Talbot             Riley Cote               Cam Janssen              10     1   2  2  

5 vs 5 Defense 
   Defense                  Defense                                           Time % Phy DF OF 
 1 Josh Gorges              Dan Boyle                                         40     1   2  2  
 2 Jiri Fischer             Michael Del Zotto                                 30     1   2  2  
 3 Ladislav Smid            Matt Carle                                        20     1   2  2  
 4 Josh Gorges              Dan Boyle                                         10     1   2  2  

PowerPlay Forward 
   Center                   Left Wing                Right Wing               Time % Phy DF OF 
 1 Marc Savard              Patrick Sharp            Marek Svatos             60     1   2  2  
 2 Dustin Boyd              Sergei Samsonov          Rene Bourque             40     1   2  2  

PowerPlay Defense
   Defense                  Defense                                           Time % Phy DF OF 
 1 Dan Boyle                Michael Del Zotto                                 60     1   2  2  
 2 Josh Gorges              Marek Svatos                                      40     1   2  2  

Penalty Kill 4 Players Forward 
   Center                   Wing                     Time % Phy DF OF 
 1 Brooks Laich             Sergei Samsonov          60     1   2  2  
 2 Maxim Talbot             Rene Bourque             40     1   2  2  

Penalty Kill 4 Players Defense
   Defense                  Defense                  Time % Phy DF OF 
 1 Ladislav Smid            Josh Gorges              60     1   2  2  
 2 Jiri Fischer             Matt Carle               40     1   2  2  

Penalty Kill - 3 Players Forward 
   Forward                                           Time % Phy DF OF 
 1 Brooks Laich                                      60     1   2  2  
 2 Maxim Talbot                                      40     1   2  2  

Penalty Kill - 3 Players Defense
   Defense                  Defense                  Time % Phy DF OF 
 1 Ladislav Smid            Josh Gorges              60     1   2  2  
 2 Jiri Fischer             Matt Carle               40     1   2  2  

4 vs 4 Forward 
   Center                   Wing                     Time % Phy DF OF 
 1 Marc Savard              Patrick Sharp            60     1   2  2  
 2 Dustin Boyd              Rene Bourque             40     1   2  2  

4 vs 4 Defense
   Defense                  Defense                  Time % Phy DF OF 
 1 Dan Boyle                Michael Del Zotto        60     1   2  2  
 2 Josh Gorges              Jiri Fischer             40     1   2  2  

Last Minutes Offensive
   Center                   Left Wing                Right Wing               Defense                  Defense                  
   Marc Savard              Patrick Sharp            Devin Setoguchi          Dan Boyle                Michael Del Zotto        

Last Minutes Defensive
   Center                   Left Wing                Right Wing               Defense                  Defense                  
   Marc Savard              Patrick Sharp            Rene Bourque             Josh Gorges              Ladislav Smid            

Goaltenders
Starting : Miika Kiprusoff          
Backup : Jonathan Bernier         

Extra Forwards
Normal : Maxim Talbot, Riley Cote, Dustin Boyd - PP : Brooks Laich, Rene Bourque - PK : Patrick Sharp
Extra Defensemen
Normal : Ladislav Smid, Michael Del Zotto, Jiri Fischer - PP : Ladislav Smid - PK : Dan Boyle, Michael Del Zotto
Penalty Shots
Marc Savard, Patrick Sharp, Marek Svatos, Sergei Samsonov, Devin Setoguchi

% Time on Ice - Senateurs

Lines # - Real PCT - Wanted PCT - Time Play
Normal Forward
1 - 34% - 39% - 16:23
2 - 27% - 29% - 13:01
3 - 20% - 20% - 9:42
4 - 18% - 12% - 8:45
Normal Defense
1 - 41% - 40% - 19:29
2 - 30% - 30% - 14:31
3 - 24% - 20% - 11:34
4 - 5% - 10% - 2:17
PP Forward
1 - 58% - 60% - 4:44
2 - 42% - 40% - 3:27
PP Defense
1 - 55% - 60% - 4:29
2 - 45% - 40% - 3:42
PK Forward
1 - 83% - 60% - 1:44
2 - 17% - 40% - 0:21
PK Defense
1 - 50% - 60% - 1:02
2 - 50% - 40% - 1:03
PK3 Forward
1 - 0% - 60%
2 - 0% - 40%
PK3 Defense
1 - 0% - 60%
2 - 0% - 40%
44 Forward
1 - 77% - 60% - 1:27
2 - 23% - 40% - 0:26
44 Defense
1 - 57% - 60% - 1:04
2 - 43% - 40% - 0:49
Last Minute Offensive  - 0:00
Last Minute Defensive  - 0:00
Total
Forward - 60:00
Defense - 60:00

% Time on Ice - Canadiens

Lines # - Real PCT - Wanted PCT - Time Play
Normal Forward
1 - 37% - 40% - 17:54
2 - 27% - 30% - 13:03
3 - 20% - 20% - 9:44
4 - 15% - 10% - 7:10
Normal Defense
1 - 41% - 40% - 19:46
2 - 32% - 30% - 15:06
3 - 21% - 20% - 9:49
4 - 7% - 10% - 3:10
PP Forward
1 - 43% - 60% - 0:54
2 - 57% - 40% - 1:11
PP Defense
1 - 69% - 60% - 1:26
2 - 31% - 40% - 0:39
PK Forward
1 - 71% - 60% - 5:50
2 - 29% - 40% - 2:21
PK Defense
1 - 64% - 60% - 5:16
2 - 36% - 40% - 2:55
PK3 Forward
1 - 0% - 60%
2 - 0% - 40%
PK3 Defense
1 - 0% - 60%
2 - 0% - 40%
44 Forward
1 - 59% - 60% - 1:07
2 - 41% - 40% - 0:46
44 Defense
1 - 100% - 60% - 1:53
2 - 0% - 40% - 0:00
Last Minute Offensive  - 0:00
Last Minute Defensive  - 0:00
Total
Forward - 60:00
Defense - 60:00

Play by Play

1st period


0:01 of 1st period - Marc Savard wins face-off versus Daymond Langkow in neutral zone.
0:04 of 1st period - Snap shot by Marek Svatos.
0:04 of 1st period - Stopped by Ondrej Pavelec without a rebound.
0:05 of 1st period - Daymond Langkow wins face-off versus Marc Savard in Senateurs zone.
0:10 of 1st period - Slapshot by Vitaly Vishnevsky.
0:10 of 1st period - Stopped by Miika Kiprusoff with a rebound.
0:12 of 1st period - Snap shot by Todd Bertuzzi.
0:12 of 1st period - Stopped by Miika Kiprusoff without a rebound.
0:13 of 1st period - Brooks Laich wins face-off versus Jean-Pierre Dumont in Canadiens zone.
0:34 of 1st period - Minor Penalty to Sergei Samsonov for Boarding.
0:35 of 1st period - Brooks Laich wins face-off versus Daymond Langkow in Canadiens zone.
2:34 of 1st period - Penalty to Sergei Samsonov is over, Sergei Samsonov is back on ice.
5:01 of 1st period - Dan Boyle is hit by Brenden Morrow and loses puck.
5:37 of 1st period - Snap shot by Marek Svatos.
5:37 of 1st period - Deflect By Marc Savard.
5:37 of 1st period - Shot Blocked by Daymond Langkow.
5:37 of 1st period - Puck is out of play.
5:38 of 1st period - Marc Savard wins face-off versus Daymond Langkow in Senateurs zone.
5:39 of 1st period - Snap shot by Marek Svatos.
5:39 of 1st period - Stopped by Ondrej Pavelec without a rebound.
5:40 of 1st period - Daymond Langkow wins face-off versus Marc Savard in Senateurs zone.
6:25 of 1st period - Snap shot by Andy McDonald.
6:25 of 1st period - Goal by Andy McDonald - Senateurs : 1 - Canadiens : 0.
6:26 of 1st period - Brooks Laich wins face-off versus Daymond Langkow in neutral zone.
6:39 of 1st period - Slapshot by Devin Setoguchi.
6:39 of 1st period - Shot Blocked by Daymond Langkow.
6:41 of 1st period - Wrist shot by Josh Gorges.
6:41 of 1st period - Stopped by Ondrej Pavelec without a rebound.
6:42 of 1st period - Marc Savard wins face-off versus Andrew Ebbett in Senateurs zone.
6:53 of 1st period - Slapshot by Andrew Ebbett.
6:53 of 1st period - Shot Misses the Net.
6:55 of 1st period - Wrist shot by Andrew Ebbett.
6:55 of 1st period - Shot Misses the Net.
6:57 of 1st period - Wrist shot by Vitaly Vishnevsky.
6:57 of 1st period - Shot Misses the Net.
7:07 of 1st period - Brenden Morrow is hit by Sergei Samsonov and loses puck.
7:54 of 1st period - Minor Penalty to Dan Boyle for Hooking.
7:55 of 1st period - Brooks Laich wins face-off versus Daymond Langkow in Canadiens zone.
8:00 of 1st period - Minor Penalty to Brenden Morrow for Holding.
8:01 of 1st period - Andy McDonald wins face-off versus Marc Savard in Senateurs zone.
8:08 of 1st period - Snap shot by Andy McDonald.
8:08 of 1st period - Stopped by Miika Kiprusoff with a rebound.
8:14 of 1st period - Snap shot by Andy McDonald.
8:14 of 1st period - Stopped by Miika Kiprusoff with a rebound.
8:16 of 1st period - Slapshot by Kurtis Foster.
8:16 of 1st period - Deflect By Andy McDonald.
8:16 of 1st period - Shot Misses the Net.
8:16 of 1st period - Puck is out of play.
8:17 of 1st period - Marc Savard wins face-off versus Andy McDonald in Canadiens zone.
8:42 of 1st period - Patrick Sharp is hit by Vitaly Vishnevsky and loses puck.
9:09 of 1st period - Carlo Colaiacovo is hit by Marc Savard.
9:36 of 1st period - Icing by Ladislav Smid.
9:37 of 1st period - Andy McDonald wins face-off versus Dustin Boyd in Canadiens zone.
9:50 of 1st period - Wrist shot by Marc Savard.
9:50 of 1st period - Shot Misses the Net.
9:54 of 1st period - Penalty to Dan Boyle is over, Dan Boyle is back on ice.
10:00 of 1st period - Penalty to Brenden Morrow is over, Brenden Morrow is back on ice.
10:12 of 1st period - Wrist shot by Daymond Langkow.
10:12 of 1st period - Shot Misses the Net.
10:16 of 1st period - Wrist shot by Brenden Morrow.
10:16 of 1st period - Shot Blocked by Devin Setoguchi.
10:18 of 1st period - Snap shot by Brenden Morrow.
10:18 of 1st period - Shot Misses the Net.
10:20 of 1st period - Snap shot by Brenden Morrow.
10:20 of 1st period - Stopped by Miika Kiprusoff without a rebound.
10:21 of 1st period - Andrew Ebbett wins face-off versus Dustin Boyd in Canadiens zone.
11:02 of 1st period - Icing by Josh Gorges.
11:03 of 1st period - Olli Jokinen wins face-off versus Brooks Laich in Canadiens zone.
11:38 of 1st period - Slapshot by Dustin Boyd.
11:38 of 1st period - Stopped by Ondrej Pavelec with a rebound.
11:40 of 1st period - Wrist shot by Dustin Boyd.
11:40 of 1st period - Deflect By Greg Stewart.
11:40 of 1st period - Shot Misses the Net.
11:40 of 1st period - Puck is out of play.
11:41 of 1st period - Todd Bertuzzi wins face-off versus Marc Savard in Senateurs zone.
11:52 of 1st period - Wrist shot by Marek Svatos.
11:52 of 1st period - Shot Misses the Net.
11:54 of 1st period - Slapshot by Patrick Sharp.
11:54 of 1st period - Deflect By Marek Svatos.
11:54 of 1st period - Shot Blocked by Todd Bertuzzi.
11:54 of 1st period - Puck is out of play.
11:55 of 1st period - Daymond Langkow wins face-off versus Marc Savard in Senateurs zone.
11:55 of 1st period - Daymond Langkow is hit by Marek Svatos.
12:21 of 1st period - Andy McDonald is hit by Brooks Laich and loses puck.
12:30 of 1st period - Sergei Samsonov is hit by Andrew Ebbett and loses puck.
13:11 of 1st period - Wrist shot by Patrick Sharp.
13:11 of 1st period - Shot Misses the Net.
13:33 of 1st period - Snap shot by Brenden Morrow.
13:33 of 1st period - Stopped by Miika Kiprusoff with a rebound.
13:35 of 1st period - Slapshot by Todd Bertuzzi.
13:35 of 1st period - Stopped by Miika Kiprusoff with a rebound.
13:37 of 1st period - Snap shot by Brenden Morrow.
13:37 of 1st period - Shot Misses the Net.
13:49 of 1st period - Slapshot by Devin Setoguchi.
13:49 of 1st period - Shot Blocked by Carlo Colaiacovo.
15:24 of 1st period - Riley Cote is hit by Todd Bertuzzi and loses puck.
15:44 of 1st period - Wrist shot by Devin Setoguchi.
15:44 of 1st period - Stopped by Ondrej Pavelec with a rebound.
16:01 of 1st period - Darcy Hordichuk is hit by Ladislav Smid and loses puck.
16:17 of 1st period - Andy McDonald is hit by Greg Stewart and loses puck.
17:31 of 1st period - Dan Boyle is hit by Andrew Ebbett and loses puck.
17:40 of 1st period - Snap shot by Andy McDonald.
17:40 of 1st period - Shot Misses the Net.
17:52 of 1st period - Dan Boyle is hit by Daymond Langkow and loses puck.
18:23 of 1st period - Marek Svatos is hit by Vladimir Mihalik and loses puck.
19:16 of 1st period - Snap shot by Dustin Boyd.
19:16 of 1st period - Stopped by Ondrej Pavelec with a rebound.
19:18 of 1st period - Snap shot by Greg Stewart.
19:18 of 1st period - Goal by Greg Stewart - Senateurs : 1 - Canadiens : 1.
19:19 of 1st period - Marc Savard wins face-off versus Daymond Langkow in neutral zone.
19:22 of 1st period - Dan Hamhuis is hit by Patrick Sharp and loses puck.
19:31 of 1st period - Snap shot by Marek Svatos.
19:31 of 1st period - Stopped by Ondrej Pavelec without a rebound.
19:32 of 1st period - Marc Savard wins face-off versus Daymond Langkow in Senateurs zone.
19:33 of 1st period - Snap shot by Patrick Sharp.
19:33 of 1st period - Shot Misses the Net.
19:48 of 1st period - Slapshot by Marek Svatos.
19:48 of 1st period - Shot Blocked by Brenden Morrow.
Goals for this period are 1 for Senateurs vs 1 for Canadiens.
Shots for this period are 8 for Senateurs vs 8 for Canadiens.

2nd period


0:01 of 2nd period - Daymond Langkow wins face-off versus Marc Savard in neutral zone.
0:04 of 2nd period - Marc Savard is hit by Brenden Morrow and loses puck.
0:32 of 2nd period - Snap shot by Carlo Colaiacovo.
0:32 of 2nd period - Stopped by Miika Kiprusoff with a rebound.
0:34 of 2nd period - Slapshot by Andy McDonald.
0:34 of 2nd period - Stopped by Miika Kiprusoff with a rebound.
0:36 of 2nd period - Slapshot by Dan Hamhuis.
0:36 of 2nd period - Stopped by Miika Kiprusoff with a rebound.
0:38 of 2nd period - Slapshot by Jean-Pierre Dumont.
0:38 of 2nd period - Deflect By Rene Bourque.
0:38 of 2nd period - Shot Misses the Net.
0:38 of 2nd period - Puck is out of play.
0:39 of 2nd period - Olli Jokinen wins face-off versus Marc Savard in Canadiens zone.
0:42 of 2nd period - Snap shot by Darcy Hordichuk.
0:42 of 2nd period - Deflect By Marc Savard.
0:42 of 2nd period - Stopped by Miika Kiprusoff with a rebound.
0:44 of 2nd period - Snap shot by B.J. Crombeen.
0:44 of 2nd period - Stopped by Miika Kiprusoff with a rebound.
0:46 of 2nd period - Snap shot by Darcy Hordichuk.
0:46 of 2nd period - Stopped by Miika Kiprusoff without a rebound.
0:47 of 2nd period - Olli Jokinen wins face-off versus Marc Savard in Canadiens zone.
0:48 of 2nd period - Snap shot by Darcy Hordichuk.
0:48 of 2nd period - Shot Misses the Net.
0:50 of 2nd period - Slapshot by Olli Jokinen.
0:50 of 2nd period - Shot Misses the Net.
0:52 of 2nd period - Wrist shot by Olli Jokinen.
0:52 of 2nd period - Goal by Olli Jokinen - Senateurs : 2 - Canadiens : 1.
0:53 of 2nd period - Daymond Langkow wins face-off versus Marc Savard in neutral zone.
0:56 of 2nd period - Slapshot by Vitaly Vishnevsky.
0:56 of 2nd period - Stopped by Miika Kiprusoff with a rebound.
1:00 of 2nd period - Wrist shot by Brenden Morrow.
1:00 of 2nd period - Shot Misses the Net.
1:02 of 2nd period - Wrist shot by Daymond Langkow.
1:02 of 2nd period - Stopped by Miika Kiprusoff without a rebound.
1:03 of 2nd period - Daymond Langkow wins face-off versus Marc Savard in Canadiens zone.
1:15 of 2nd period - Off-side.
1:16 of 2nd period - Andrew Ebbett wins face-off versus Marc Savard in neutral zone.
1:21 of 2nd period - Snap shot by Andy McDonald.
1:21 of 2nd period - Stopped by Miika Kiprusoff without a rebound.
1:22 of 2nd period - Andrew Ebbett wins face-off versus Marc Savard in Canadiens zone.
1:33 of 2nd period - Kurtis Foster is hit by Patrick Sharp and loses puck.
1:50 of 2nd period - Snap shot by Kurtis Foster.
1:50 of 2nd period - Shot Misses the Net.
2:17 of 2nd period - Off-side.
2:18 of 2nd period - Marc Savard wins face-off versus Andrew Ebbett in neutral zone.
2:21 of 2nd period - Andy McDonald is hit by Patrick Sharp and loses puck.
2:55 of 2nd period - Minor Penalty to Brooks Laich for Diving.
2:56 of 2nd period - Daymond Langkow wins face-off versus Sergei Samsonov in Canadiens zone.
3:00 of 2nd period - Wrist shot by Daymond Langkow.
3:00 of 2nd period - Stopped by Miika Kiprusoff with a rebound.
3:02 of 2nd period - Wrist shot by Brenden Morrow.
3:02 of 2nd period - Shot Misses the Net.
3:04 of 2nd period - Slapshot by Vitaly Vishnevsky.
3:04 of 2nd period - Goal by Vitaly Vishnevsky - Senateurs : 3 - Canadiens : 1.
3:05 of 2nd period - Daymond Langkow wins face-off versus Marc Savard in neutral zone.
3:52 of 2nd period - Ladislav Smid is hit by B.J. Crombeen and loses puck.
4:00 of 2nd period - Off-side.
4:01 of 2nd period - Daymond Langkow wins face-off versus Marc Savard in neutral zone.
4:09 of 2nd period - Minor Penalty to Marc Savard for Hooking.
4:10 of 2nd period - Brooks Laich wins face-off versus Daymond Langkow in Canadiens zone.
4:24 of 2nd period - Slapshot by Daymond Langkow.
4:24 of 2nd period - Stopped by Miika Kiprusoff without a rebound.
4:25 of 2nd period - Brooks Laich wins face-off versus Daymond Langkow in Canadiens zone.
6:09 of 2nd period - Penalty to Marc Savard is over, Marc Savard is back on ice.
6:17 of 2nd period - Slapshot by Ladislav Smid.
6:17 of 2nd period - Stopped by Ondrej Pavelec without a rebound.
6:18 of 2nd period - Brandon Dubinsky wins face-off versus Marc Savard in Senateurs zone.
6:18 of 2nd period - Brandon Dubinsky is hit by Marek Svatos.
6:44 of 2nd period - Dan Girardi is hit by Cam Janssen and loses puck.
7:11 of 2nd period - Brooks Laich is hit by Vitaly Vishnevsky and loses puck.
7:16 of 2nd period - Snap shot by Jean-Pierre Dumont.
7:16 of 2nd period - Shot Misses the Net.
7:30 of 2nd period - Andrew Ebbett is hit by Marc Savard and loses puck.
7:37 of 2nd period - Snap shot by Marek Svatos.
7:37 of 2nd period - Stopped by Ondrej Pavelec without a rebound.
7:38 of 2nd period - Daymond Langkow wins face-off versus Marc Savard in Senateurs zone.
8:16 of 2nd period - Snap shot by Devin Setoguchi.
8:16 of 2nd period - Deflect By Sergei Samsonov.
8:16 of 2nd period - Stopped by Ondrej Pavelec without a rebound.
8:17 of 2nd period - Dustin Boyd wins face-off versus Jean-Pierre Dumont in Senateurs zone.
8:42 of 2nd period - Marek Svatos is hit by Daymond Langkow and loses puck.
9:11 of 2nd period - Snap shot by Sergei Samsonov.
9:11 of 2nd period - Shot Misses the Net.
9:13 of 2nd period - Snap shot by Brooks Laich.
9:13 of 2nd period - Deflect By Dan Girardi.
9:13 of 2nd period - Stopped by Ondrej Pavelec with a rebound.
9:27 of 2nd period - Snap shot by Ales Kotalik.
9:27 of 2nd period - Stopped by Miika Kiprusoff with a rebound.
9:47 of 2nd period - Snap shot by Dustin Boyd.
9:47 of 2nd period - Stopped by Ondrej Pavelec with a rebound.
9:49 of 2nd period - Slapshot by Jiri Fischer.
9:49 of 2nd period - Deflect By Rene Bourque.
9:49 of 2nd period - Shot Misses the Net.
9:49 of 2nd period - Puck is out of play.
9:50 of 2nd period - Dustin Boyd wins face-off versus Daymond Langkow in Senateurs zone.
9:51 of 2nd period - Snap shot by Greg Stewart.
9:51 of 2nd period - Stopped by Ondrej Pavelec without a rebound.
9:52 of 2nd period - Marc Savard wins face-off versus Daymond Langkow in Senateurs zone.
9:53 of 2nd period - Slapshot by Marek Svatos.
9:53 of 2nd period - Shot Misses the Net.
10:22 of 2nd period - Andy McDonald is hit by Matt Carle and loses puck.
11:04 of 2nd period - Daymond Langkow is hit by Patrick Sharp and loses puck.
11:54 of 2nd period - Icing by Dan Boyle.
11:55 of 2nd period - Sergei Samsonov wins face-off versus Daymond Langkow in Canadiens zone.
12:06 of 2nd period - Wrist shot by Daymond Langkow.
12:06 of 2nd period - Shot Misses the Net.
12:36 of 2nd period - Snap shot by Brooks Laich.
12:36 of 2nd period - Shot Misses the Net.
12:38 of 2nd period - Slapshot by Josh Gorges.
12:38 of 2nd period - Shot Blocked by Vitaly Vishnevsky.
12:40 of 2nd period - Wrist shot by Devin Setoguchi.
12:40 of 2nd period - Shot Blocked by Andy McDonald.
12:42 of 2nd period - Wrist shot by Sergei Samsonov.
12:42 of 2nd period - Shot Misses the Net.
12:44 of 2nd period - Slapshot by Josh Gorges.
12:44 of 2nd period - Stopped by Ondrej Pavelec with a rebound.
12:46 of 2nd period - Snap shot by Brooks Laich.
12:46 of 2nd period - Stopped by Ondrej Pavelec without a rebound.
12:47 of 2nd period - Marc Savard wins face-off versus Daymond Langkow in Senateurs zone.
13:14 of 2nd period - Greg Stewart is hit by Olli Jokinen.
13:40 of 2nd period - Matt Carle is hit by Vladimir Mihalik and loses puck.
14:17 of 2nd period - Wrist shot by Darcy Hordichuk.
14:17 of 2nd period - Stopped by Miika Kiprusoff without a rebound.
14:18 of 2nd period - Daymond Langkow wins face-off versus Marc Savard in Canadiens zone.
14:19 of 2nd period - Snap shot by Brenden Morrow.
14:19 of 2nd period - Shot Misses the Net.
14:45 of 2nd period - Vitaly Vishnevsky is hit by Michael Del Zotto and loses puck.
14:54 of 2nd period - Snap shot by Andrew Ebbett.
14:54 of 2nd period - Shot Misses the Net.
15:23 of 2nd period - Wrist shot by Ales Kotalik.
15:23 of 2nd period - Goal by Ales Kotalik - Senateurs : 4 - Canadiens : 1.
15:24 of 2nd period - Daymond Langkow wins face-off versus Marc Savard in neutral zone.
15:29 of 2nd period - Snap shot by Brenden Morrow.
15:29 of 2nd period - Stopped by Miika Kiprusoff with a rebound.
15:31 of 2nd period - Slapshot by Vitaly Vishnevsky.
15:31 of 2nd period - Stopped by Miika Kiprusoff with a rebound.
15:33 of 2nd period - Slapshot by Vitaly Vishnevsky.
15:33 of 2nd period - Shot Blocked by Dan Boyle.
15:35 of 2nd period - Wrist shot by Daymond Langkow.
15:35 of 2nd period - Stopped by Miika Kiprusoff without a rebound.
15:36 of 2nd period - Daymond Langkow wins face-off versus Marc Savard in Canadiens zone.
16:01 of 2nd period - Jean-Pierre Dumont is hit by Sergei Samsonov and loses puck.
16:23 of 2nd period - Snap shot by Ales Kotalik.
16:23 of 2nd period - Deflect By Brandon Dubinsky.
16:23 of 2nd period - Stopped by Miika Kiprusoff without a rebound.
16:24 of 2nd period - Ales Kotalik wins face-off versus Marc Savard in Canadiens zone.
17:51 of 2nd period - Snap shot by Marek Svatos.
17:51 of 2nd period - Stopped by Ondrej Pavelec with a rebound.
17:53 of 2nd period - Slapshot by Josh Gorges.
17:53 of 2nd period - Deflect By Vitaly Vishnevsky.
17:53 of 2nd period - Stopped by Ondrej Pavelec without a rebound.
17:54 of 2nd period - Brooks Laich wins face-off versus Daymond Langkow in Senateurs zone.
18:04 of 2nd period - Minor Penalty to Dan Hamhuis for Roughing.
18:05 of 2nd period - Brenden Morrow wins face-off versus Dustin Boyd in Senateurs zone.
18:17 of 2nd period - Slapshot by Michael Del Zotto.
18:17 of 2nd period - Shot Blocked by Dan Girardi.
18:19 of 2nd period - Slapshot by Dan Boyle.
18:19 of 2nd period - Stopped by Ondrej Pavelec without a rebound.
18:20 of 2nd period - Dustin Boyd wins face-off versus Brenden Morrow in Senateurs zone.
19:18 of 2nd period - Icing by Brooks Laich.
19:19 of 2nd period - Daymond Langkow wins face-off versus Dustin Boyd in Canadiens zone.
Goals for this period are 3 for Senateurs vs 0 for Canadiens.
Shots for this period are 20 for Senateurs vs 11 for Canadiens.

3rd period


0:01 of 3rd period - Patrick Sharp wins face-off versus Brenden Morrow in neutral zone.
0:04 of 3rd period - Penalty to Dan Hamhuis is over, Dan Hamhuis is back on ice.
0:08 of 3rd period - Slapshot by Michael Del Zotto.
0:08 of 3rd period - Stopped by Ondrej Pavelec without a rebound.
0:09 of 3rd period - Brenden Morrow wins face-off versus Marc Savard in Senateurs zone.
0:15 of 3rd period - Icing by Michael Del Zotto.
0:16 of 3rd period - Daymond Langkow wins face-off versus Marc Savard in Canadiens zone.
0:47 of 3rd period - Sergei Samsonov is hit by Jean-Pierre Dumont and loses puck.
0:54 of 3rd period - Wrist shot by Sergei Samsonov.
0:54 of 3rd period - Stopped by Ondrej Pavelec without a rebound.
0:55 of 3rd period - Olli Jokinen wins face-off versus Dustin Boyd in Senateurs zone.
1:52 of 3rd period - Wrist shot by Devin Setoguchi.
1:52 of 3rd period - Shot Blocked by Dan Girardi.
2:24 of 3rd period - Darcy Hordichuk is hit by Dustin Boyd.
2:28 of 3rd period - Slapshot by Kurtis Foster.
2:28 of 3rd period - Stopped by Miika Kiprusoff with a rebound.
2:46 of 3rd period - Slapshot by Ladislav Smid.
2:46 of 3rd period - Shot Misses the Net.
3:03 of 3rd period - Vladimir Mihalik is hit by Ladislav Smid and loses puck.
3:22 of 3rd period - Andy McDonald is hit by Ladislav Smid and loses puck.
3:41 of 3rd period - Wrist shot by Brandon Dubinsky.
3:41 of 3rd period - Stopped by Miika Kiprusoff without a rebound.
3:42 of 3rd period - Olli Jokinen wins face-off versus Marc Savard in Canadiens zone.
4:16 of 3rd period - Icing by Brooks Laich.
4:17 of 3rd period - Brooks Laich wins face-off versus Daymond Langkow in Canadiens zone.
4:53 of 3rd period - Slapshot by Josh Gorges.
4:53 of 3rd period - Shot Misses the Net.
4:57 of 3rd period - Snap shot by Marc Savard.
4:57 of 3rd period - Shot Misses the Net.
4:59 of 3rd period - Slapshot by Josh Gorges.
4:59 of 3rd period - Shot Misses the Net.
5:13 of 3rd period - Snap shot by Maxim Talbot.
5:13 of 3rd period - Stopped by Ondrej Pavelec without a rebound.
5:14 of 3rd period - Daymond Langkow wins face-off versus Maxim Talbot in Senateurs zone.
5:39 of 3rd period - Jiri Fischer is hit by Brandon Dubinsky and loses puck.
5:46 of 3rd period - Snap shot by Ales Kotalik.
5:46 of 3rd period - Stopped by Miika Kiprusoff without a rebound.
5:47 of 3rd period - Daymond Langkow wins face-off versus Patrick Sharp in Canadiens zone.
6:13 of 3rd period - Andrew Ebbett is hit by Ladislav Smid and loses puck.
6:31 of 3rd period - Off-side.
6:32 of 3rd period - Olli Jokinen wins face-off versus Dustin Boyd in neutral zone.
6:46 of 3rd period - Snap shot by B.J. Crombeen.
6:46 of 3rd period - Shot Misses the Net.
6:58 of 3rd period - Vitaly Vishnevsky is hit by Marek Svatos and loses puck.
7:08 of 3rd period - Off-side.
7:09 of 3rd period - Andrew Ebbett wins face-off versus Marc Savard in neutral zone.
7:18 of 3rd period - Snap shot by Jean-Pierre Dumont.
7:18 of 3rd period - Shot Misses the Net.
7:20 of 3rd period - Wrist shot by Dan Hamhuis.
7:20 of 3rd period - Stopped by Miika Kiprusoff without a rebound.
7:21 of 3rd period - Marc Savard wins face-off versus Daymond Langkow in Canadiens zone.
7:37 of 3rd period - Minor Penalty to Marc Savard for High sticking.
7:38 of 3rd period - Brooks Laich wins face-off versus Todd Bertuzzi in Canadiens zone.
8:37 of 3rd period - Jiri Fischer is hit by Daymond Langkow and loses puck.
9:09 of 3rd period - Slapshot by Brenden Morrow.
9:09 of 3rd period - Shot Misses the Net.
9:11 of 3rd period - Slapshot by Dan Hamhuis.
9:11 of 3rd period - Deflect By Greg Stewart.
9:11 of 3rd period - Stopped by Miika Kiprusoff without a rebound.
9:12 of 3rd period - Brooks Laich wins face-off versus Andrew Ebbett in Canadiens zone.
9:37 of 3rd period - Penalty to Marc Savard is over, Marc Savard is back on ice.
9:55 of 3rd period - Snap shot by Dustin Boyd.
9:55 of 3rd period - Shot Blocked by Dan Girardi.
10:07 of 3rd period - Dan Girardi is hit by Rene Bourque and loses puck.
10:24 of 3rd period - Wrist shot by B.J. Crombeen.
10:24 of 3rd period - Deflect By Olli Jokinen.
10:24 of 3rd period - Stopped by Miika Kiprusoff with a rebound.
12:02 of 3rd period - Wrist shot by Maxim Talbot.
12:02 of 3rd period - Deflect By Brandon Dubinsky.
12:02 of 3rd period - Stopped by Ondrej Pavelec with a rebound.
12:29 of 3rd period - Dan Hamhuis is hit by Jiri Fischer and loses puck.
13:17 of 3rd period - Wrist shot by Dustin Boyd.
13:17 of 3rd period - Stopped by Ondrej Pavelec with a rebound.
13:32 of 3rd period - Vitaly Vishnevsky is hit by Brooks Laich and loses puck.
13:52 of 3rd period - Dan Boyle is hit by Brenden Morrow and loses puck.
14:23 of 3rd period - Snap shot by Brenden Morrow.
14:23 of 3rd period - Deflect By Todd Bertuzzi.
14:23 of 3rd period - Shot Misses the Net.
14:23 of 3rd period - Puck is out of play.
14:24 of 3rd period - Andrew Ebbett wins face-off versus Marc Savard in Canadiens zone.
14:27 of 3rd period - Snap shot by Andrew Ebbett.
14:27 of 3rd period - Stopped by Miika Kiprusoff without a rebound.
14:28 of 3rd period - Marc Savard wins face-off versus Andrew Ebbett in Canadiens zone.
14:30 of 3rd period - Minor Penalty to Marek Svatos for Hooking.
14:31 of 3rd period - Brooks Laich wins face-off versus Andrew Ebbett in Canadiens zone.
14:39 of 3rd period - Josh Gorges is hit by Darcy Hordichuk and loses puck.
15:12 of 3rd period - Darcy Hordichuk is hit by Ladislav Smid and loses puck.
15:53 of 3rd period - Jiri Fischer is hit by Kurtis Foster and loses puck.
16:30 of 3rd period - Penalty to Marek Svatos is over, Marek Svatos is back on ice.
16:51 of 3rd period - Vladimir Mihalik is hit by Rene Bourque and loses puck.
17:06 of 3rd period - Slapshot by Jiri Fischer.
17:06 of 3rd period - Shot Misses the Net.
17:43 of 3rd period - Dustin Boyd is hit by Olli Jokinen and loses puck.
18:12 of 3rd period - Off-side.
18:13 of 3rd period - Andrew Ebbett wins face-off versus Brooks Laich in neutral zone.
18:20 of 3rd period - Snap shot by Andy McDonald.
18:20 of 3rd period - Shot Misses the Net.
18:42 of 3rd period - Kurtis Foster is hit by Matt Carle and loses puck.
18:57 of 3rd period - Andy Hilbert is hit by Rene Bourque.
19:01 of 3rd period - Wrist shot by Greg Stewart.
19:01 of 3rd period - Stopped by Ondrej Pavelec without a rebound.
19:02 of 3rd period - Jean-Pierre Dumont wins face-off versus Dustin Boyd in Senateurs zone.
19:02 of 3rd period - Jean-Pierre Dumont is hit by Jiri Fischer.
19:25 of 3rd period - Carlo Colaiacovo is hit by Jiri Fischer and loses puck.
19:32 of 3rd period - Wrist shot by Greg Stewart.
19:32 of 3rd period - Stopped by Ondrej Pavelec with a rebound.
19:36 of 3rd period - Slapshot by Dustin Boyd.
19:36 of 3rd period - Shot Misses the Net.
19:38 of 3rd period - Slapshot by Josh Gorges.
19:38 of 3rd period - Shot Blocked by Daymond Langkow.
19:40 of 3rd period - Slapshot by Josh Gorges.
19:40 of 3rd period - Deflect By Greg Stewart.
19:40 of 3rd period - Stopped by Ondrej Pavelec without a rebound.
19:41 of 3rd period - Marc Savard wins face-off versus Andrew Ebbett in Senateurs zone.
19:42 of 3rd period - Wrist shot by Marek Svatos.
19:42 of 3rd period - Stopped by Ondrej Pavelec with a rebound.
19:44 of 3rd period - Slapshot by Marek Svatos.
19:44 of 3rd period - Shot Blocked by Jean-Pierre Dumont.
19:46 of 3rd period - Wrist shot by Patrick Sharp.
19:46 of 3rd period - Stopped by Ondrej Pavelec with a rebound.
19:48 of 3rd period - Wrist shot by Marek Svatos.
19:48 of 3rd period - Shot Misses the Net.
19:50 of 3rd period - Slapshot by Marek Svatos.
19:50 of 3rd period - Stopped by Ondrej Pavelec without a rebound.
19:51 of 3rd period - Marc Savard wins face-off versus Andrew Ebbett in Senateurs zone.
19:56 of 3rd period - Slapshot by Marek Svatos.
19:56 of 3rd period - Stopped by Ondrej Pavelec with a rebound.
Goals for this period are 0 for Senateurs vs 0 for Canadiens.
Shots for this period are 7 for Senateurs vs 12 for Canadiens.